 Dungeon Crawl Stone Soup version 0.18-a0 (webtiles) character file.

277 Ordine the Slasher (level 6, -2/44 HPs)
             Began as an Octopode Fighter on Oct 30, 2015.
             Slain by a crocodile (18 damage)
             ... in a sewer.
             The game lasted 00:05:06 (1903 turns).

Ordine the Slasher (Octopode Fighter)               Turns: 1903, Time: 00:05:07

Health: -2/44      AC:  1    Str: 15    XL:     6   Next: 25%
Magic:  6/6        EV: 10    Int: 11    God:
Gold:   161        SH:  8    Dex: 13    Spells: 0 memorised, 5 levels left

rFire  . . .     SeeInvis .     a - +1 long sword
rCold  . . .     Clarity  .     b - +0 shield
rNeg   . . .     SustAt   .     (helmet restricted)
rPois  .         Gourm    .     k - amulet of rage
rElec  .         Spirit   .     (no ring)
rCorr  .         Warding  .     (no ring)
rMut   .         Stasis   .     (no ring)
MR     .....                    (no ring)
Stlth  ++........               (no ring)
                                (no ring)
                                (no ring)
                                (no ring)

@: not resistant to hostile enchantments, unstealthy
A: almost no armour, amphibious, 8 rings, constrict 8, camouflage 1, gelatinous
body 1
a: Evoke Berserk Rage


You were in a sewer.
You were not hungry.

You visited 1 branch of the dungeon, and saw 3 of its levels.
You also visited: Sewer.

You collected 161 gold pieces.

Inventory:

Hand Weapons
 a - a +1 long sword (weapon)
Armour
 b - a +0 shield (worn)
Jewellery
 k - an amulet of rage (around mantle)
Scrolls
 g - a scroll of teleportation
 n - 2 scrolls of remove curse
 s - 2 scrolls of fear
Potions
 c - a potion of might
 e - 2 potions of haste
 f - 2 potions of agility
 h - 2 potions of curing
 i - a potion of heal wounds {unknown}
 j - a potion of brilliance {unknown}
 m - a potion of degeneration {unknown}
 o - a potion of invisibility {unknown}
 q - a potion of poison {unknown}
Comestibles
 d - a bread ration
 l - 2 beef jerkies
 p - a slice of pizza
 r - 3 chunks of flesh


   Skills:
 + Level 4.6 Fighting
 * Level 5.3 Long Blades
 - Level 3.0 Dodging
 - Level 3.0 Shields


You had 5 spell levels left.
You didn't know any spells.

Dungeon Overview and Level Annotations

Branches:
Dungeon (3/15)

Altars:
Ru


Innate Abilities, Weirdness & Mutations

You cannot wear most types of armour.
You are amphibious.
You can wear up to eight rings at the same time.
You can use your tentacles to constrict eight enemies at once.
Your skin changes colour to match your surroundings (Stealth).
Your rubbery body absorbs attacks (AC +1).


Message History

The crocodile bites you!
You slash the crocodile!
You squeeze the crocodile, but do no damage.
The crocodile is almost dead.
The crocodile bites you! The crocodile bites you.
* * * LOW HITPOINT WARNING * * *
You closely miss the crocodile. Your squeeze misses the crocodile.
The crocodile is almost dead.
The crocodile bites you.
* * * LOW HITPOINT WARNING * * *
You barely miss the crocodile.
The crocodile is almost dead.
The crocodile barely misses you.
Drink which item? (? for menu, Esc to quit)
You feel better. The crocodile closely misses you.
You closely miss the crocodile.
You squeeze the crocodile, but do no damage.
The crocodile is almost dead.
The crocodile bites you!!
You die...

###### # ##.≈ ...## #!
###..≈ ..≈≈.###
[≈##.... #..≈..###
###≈...≈ #.....##
#...≈.≈## ##.≈≈≈..
#≈.t@.### ###.....##
#?.##.....####.≈≈..###
###...≈....≈.###
###......### ########


You could see a crocodile.

Vanquished Creatures
  Sigmund (D:2)
  An orc wizard (D:2)
  4 adders (D:2)
  3 giant geckos
  9 bats
  4 giant cockroaches
  14 goblins
  7 hobgoblins
  A giant newt (D:1)
  2 jackals (Sewer)
  5 kobolds
  3 rats
  2 fungi (D:1)
56 creatures vanquished.

Notes
Turn   | Place    | Note
--------------------------------------------------------------
     0 | D:1      | Ordine the Octopode Fighter began the quest for the Orb.
     0 | D:1      | Reached XP level 1. HP: 16/16 MP: 1/1
   179 | D:1      | Reached XP level 2. HP: 21/21 MP: 2/2
   682 | D:1      | Reached XP level 3. HP: 26/26 MP: 3/3
  1048 | D:2      | Found a sacrificial altar of Ru.
  1051 | D:2      | Reached XP level 4. HP: 29/32 MP: 4/4
  1195 | D:2      | Noticed Sigmund
  1203 | D:2      | Killed Sigmund
  1203 | D:2      | Reached skill level 4 in Fighting
  1203 | D:2      | Reached skill level 5 in Long Blades
  1203 | D:2      | Reached XP level 5. HP: 38/38 MP: 5/5
  1203 | D:2      | Reached XP level 6. HP: 44/44 MP: 6/6
  1784 | D:3      | Found a glowing drain.
  1814 | Sewer    | Entered a sewer
  1903 | Sewer    | Slain by a crocodile

Vault maps used:
D:1:      evilmike_arrival_crescent, serial_park_tiny_2,
          minmay_gold_behind_fungi, minmay_misc_feat_nine_boxes
D:2:      minmay_statues_item, minmay_misc_feat_pillars,
          nicolae_ru_great_annihilating_truth, uniq_sigmund
D:3:      portal_sewer_entry_f
Sewer:    sewer_the_crocodile

Action                   |  1- 3 |  4- 6 || total
-------------------------+-------+-------++-------
Melee: Long sword        |    55 |    50 ||   105
 Abil: Evoke Berserk Rag |       |     1 ||     1
  Use: Scroll            |     6 |     4 ||    10
       Potion            |       |     1 ||     1
 Stab: Sleeping          |     4 |     5 ||     9
       Paralysed         |       |     1 ||     1
  Eat: Chunk             |       |     4 ||     4
